 Dungeon Crawl Stone Soup version 0.18.1-8-gdd0e5ea (webtiles) character file.

493 Liquid the Cudgeler (level 7, -1/94 HPs)
             Began as an Ogre Hunter on June 10, 2016.
             Was an Initiate of Kikubaaqudgha.
             Killed by divine providence
             ... invoked by an orc priest
              (11 damage)
             ... on level 5 of the Dungeon.
             The game lasted 00:09:50 (3586 turns).

Liquid the Cudgeler (Ogre Hunter)                   Turns: 3586, Time: 00:09:51

Health: -1/94      AC:  8    Str: 20    XL:     7   Next: 15%
Magic:  7/7        EV: 10    Int: 10    God:    Kikubaaqudgha [......]
Gold:   206        SH:  2    Dex: 10    Spells: 0 memorised, 6 levels left

rFire  . . .     SeeInvis .     n - +0 mace
rCold  . . .     Gourm    .     b - +0 robe
rNeg   . . .     Faith    .     (no shield)
rPois  .         Spirit   .     (helmet restricted)
rElec  .         Dismiss  .     j - +2 cloak
rCorr  .         Reflect  .     (gloves unavailable)
SustAt .         Harm     .     (boots unavailable)
MR     .....     Clarity  +     r - amulet of Vitality {Regen+ HP+15}
Stlth  +.........               (no ring)
                                (no ring)

@: lethally poisoned (-1 -> -2), about to teleport, not resistant to hostile
enchantments, very unstealthy
A: unfitting armour, large bone plates 1, clarity, robust 1, tough skin 1
a: Renounce Religion


You were on level 5 of the Dungeon.
You worshipped Kikubaaqudgha.
Kikubaaqudgha was noncommittal.
You were hungry.

You visited 1 branch of the dungeon, and saw 5 of its levels.

You collected 206 gold pieces.

Inventory:

Hand Weapons
 a - a +0 short sword
 g - a +0 club
 k - a +0 whip
 n - a +0 mace (weapon)
Missiles
 d - a throwing net (quivered)
Armour
 b - a +0 robe (worn)
 j - a +2 cloak (worn)
Jewellery
 r - the amulet of Vitality (around neck) {Regen+ HP+15}
   (You found it on level 4 of the Dungeon)

   [amulet of regeneration]

   It affects your health (+15).
   It increases your rate of regeneration.
Wands
 A - a wand of acid (11/15)
Scrolls
 i - a scroll of amnesia {unknown}
 l - 2 scrolls of remove curse {unknown}
 u - a scroll of magic mapping {unknown}
 v - a scroll of enchant armour {unknown}
 y - a scroll of recharging {unknown}
Potions
 h - a potion of berserk rage
 m - 2 potions of curing
 o - 2 potions of might
 p - 2 potions of flight {unknown}
 q - a potion of ambrosia {unknown}
 w - 2 potions of haste {unknown}
 x - a potion of heal wounds {unknown}
Comestibles
 f - 6 bread rations
 s - a beef jerky
 t - a meat ration
 z - a royal jelly


   Skills:
 + Level 5.4 Fighting
 * Level 6.1 Maces & Flails
 + Level 5.5 Throwing
 - Level 2.0 Dodging
 - Level 0.7 Stealth


You had 6 spell levels left.
You didn't know any spells.

Dungeon Overview and Level Annotations

Branches:
Dungeon (5/15)
 Temple: D:4-7

Altars:
Kikubaaqudgha
Pakellas
Vehumet

Annotations:
D:4 raikaria's ghost, amateur TeGl


Innate Abilities, Weirdness & Mutations

You are too large for most types of armour.
You have tough skin (AC +1).
You are partially covered in large bone plates (AC +2, SH +2).
You possess an exceptional clarity of mind.
You are robust (+10% HP).


Message History

You feel sick. The worker ant closely misses you.
A crimson imp comes into view.
You feel sick.
The crimson imp shouts!
The worker ant bites you but does no damage.
The crimson imp blinks!
Your surroundings seem slightly different.
You feel sick. The giant gecko closely misses you.
Found 11 gold pieces.
Found an escape hatch in the floor.
Eat which item? (? for menu, Esc to quit)
Okay, then.
Read which item? (? for menu, Esc to quit)
As you read the scroll of teleportation, it crumbles to dust.
You feel strangely unstable.
You feel sick. You block the worker ant's attack. The giant gecko bites you.
* * * LOW HITPOINT WARNING * * *
The orc priest mumbles some strange prayers to Beogh against you.
Beogh smites you!
You die...
Kikubaaqudgha rasps: "You have failed me!
Welcome... death!"

#...$..⌠....#
.............
$>..._..._.#
§.........# .
....#....#.#
.....#....#.#
#.##...o...#
#....l..o..#
####.@ao...#
###..§###
#...# ##.##
#.. ##.# .#
.#


You could see an orc warrior, a worker ant, an orc priest, an orc and a giant
gecko.

Vanquished Creatures
  Grinder (D:3)
  2 vampire bats (D:2)
  2 worker ants
  2 gnolls (D:4)
  6 adders
  An adder skeleton (D:4)
  5 worms
  2 dart slugs
  4 giant geckos
  2 orcs (D:4)
  10 bats
  4 bat skeletons (D:2)
  A bat zombie (D:2)
  6 giant cockroaches
  8 goblins
  11 hobgoblins
  A quokka (D:3)
  5 giant newts
  8 kobolds
  4 rats
85 creatures vanquished.

Notes
Turn   | Place    | Note
--------------------------------------------------------------
     0 | D:1      | Liquid the Ogre Hunter began the quest for the Orb.
     0 | D:1      | Reached XP level 1. HP: 22/22 MP: 1/1
   176 | D:1      | Reached XP level 2. HP: 11/31 MP: 2/2
   731 | D:1      | Reached skill level 1 in Maces & Flails
   953 | D:1      | Reached XP level 3. HP: 35/37 MP: 3/3
  1386 | D:2      | Gained mutation: You are partially covered in large bone plates (AC +2, SH +2). [potion of mutation]
  1386 | D:2      | Gained mutation: You are robust (+10% HP). [potion of mutation]
  1386 | D:2      | Gained mutation: You possess an exceptional clarity of mind. [potion of mutation]
  1419 | D:2      | Reached skill level 2 in Maces & Flails
  1508 | D:2      | Reached XP level 4. HP: 41/52 MP: 4/4
  1778 | D:2      | Reached skill level 3 in Maces & Flails
  2014 | D:2      | Found an ancient bone altar of Kikubaaqudgha.
  2032 | D:2      | Reached XP level 5. HP: 56/60 MP: 5/5
  2035 | D:2      | Became a worshipper of Kikubaaqudgha
  2049 | D:2      | Reached skill level 4 in Maces & Flails
  2362 | D:3      | Noticed Grinder
  2364 | D:3      | Killed Grinder
  2364 | D:3      | Reached skill level 5 in Fighting
  2364 | D:3      | Reached skill level 5 in Maces & Flails
  2364 | D:3      | Reached skill level 5 in Throwing
  2364 | D:3      | Reached XP level 6. HP: 72/72 MP: 6/6
  2942 | D:3      | Reached XP level 7. HP: 73/79 MP: 7/7
  3096 | D:4      | Reached skill level 6 in Maces & Flails
  3158 | D:4      | Noticed raikaria's ghost (amateur TeGl)
  3580 | D:5      | Entered Level 5 of the Dungeon
  3580 | D:5      | Found a radiant altar of Vehumet.
  3580 | D:5      | Found an oddly glowing altar of Pakellas.
  3586 | D:5      | Killed from afar by an orc priest

Skill      XL: |  1  2  3  4  5  6  7 |
---------------+----------------------+-----
Fighting       | 3 4 5 |  5.4
Dodging        | 2 |  2.0
Maces & Flails | 1 2 3 5 6 |  6.1
Throwing       | 5 |  5.5
Stealth        | |  0.7

Action                   |  1- 3 |  4- 6 |  7- 9 || total
-------------------------+-------+-------+-------++-------
Melee: Short sword       |    28 |       |       ||    28
       Whip              |    62 |       |       ||    62
       Club              |    18 |       |       ||    18
       Mace              |     7 |   153 |    51 ||   211
Throw: Large rock        |     5 |     6 |    11 ||    22
       Throwing net      |       |       |     2 ||     2
  Use: Scroll            |     5 |       |     3 ||     8
       Potion            |     1 |       |       ||     1
 Stab: Sleeping          |     2 |     3 |     1 ||     6
       Distracted        |     1 |       |       ||     1
  Eat: Chunk             |     1 |     6 |     1 ||     8
Armor: Robe              |    53 |   103 |    29 ||   185
Dodge: Dodged            |    71 |   138 |    35 ||   244
Block: Other             |       |    20 |     7 ||    27
